 Dungeon Crawl Stone Soup version 0.28-a0-664-gc179e30c89 (webtiles) character file.

Game seed: 13863132688948680150

2 flotson the Sneak (level 1, 0/18 HPs)
             Began as a Demonspawn Delver on Oct 15, 2021.
             Slain by an orc (9 damage)
             ... on level 4 of the Dungeon.
             The game lasted 00:00:38 (109 turns).

flotson the Sneak (Demonspawn Delver)                Turns: 109, Time: 00:00:38

Health: 0/18       AC:  3    Str: 12    XL:     1   Next: 33%
Magic:  1/1        EV: 11    Int: 11    God:
Gold:   9          SH:  0    Dex: 14    Spells: 0/0 levels left

rFire   . . .      SeeInvis .   a - +0 hand axe
rCold   . . .      Faith    .   (no shield)
rNeg    . . .      Spirit   .   b - +0 leather armour
rPois   .          Reflect  .   (no helmet)
rElec   .          Harm     .   (no cloak)
rCorr   .          Rampage  .   (no gloves)
Will    .....                   (no boots)
Stlth   ++........              (no amulet)
HPRegen 0.06/turn               (no ring)
MPRegen 0.07/turn               (no ring)

@: no status effects
A: no striking features
a: no special abilities


You were on level 4 of the Dungeon.
You visited 1 branch of the dungeon, and saw 2 of its levels.

You collected 9 gold pieces.

Inventory:

Hand Weapons
 a - a +0 hand axe (weapon)
Missiles
 d - 8 poisoned darts (quivered)
Armour
 b - a +0 leather armour (worn)
Wands
 g - a wand of digging (3)
Scrolls
 c - a scroll of fog
 e - a scroll of fear
Potions
 f - a potion of haste


   Skills:
 + Level 3.0 Fighting
 - Level 1.7 Axes
 + Level 0.0 Throwing
 + Level 0.1 Armour
 + Level 1.8 Dodging
 - Level 4.5 Stealth


You couldn't memorise any spells.
You didn't know any spells.
Your spell library was empty.

Dungeon Overview and Level Annotations

Branches:
Dungeon (5/15)
 Temple: D:4-7

Altars:


Message History

Things that are here:
a +0 whip; 8 poisoned darts You now have 9 gold pieces.
A giant cockroach comes into view.
There is a stone staircase leading down here.
Things that are here:
a +0 whip; 8 poisoned darts
d - 8 poisoned darts A gnoll comes into view.
It is wielding a +0 whip.
A quokka comes into view.
You hit the quokka.
You kill the quokka!
No target in view!
No target in view!
No target in view!
Unknown command.
You see here a quokka corpse.
A jelly and a goblin come into view.
You see here a quokka corpse.
You see here a +0 whip.
There is a stone staircase leading down here.
Found a robe.
An orc comes into view.
It is wielding a +2 flail of protection.
The orc shouts!
You hit the orc but do no damage. The orc closely misses you.
You hit the orc but do no damage. The orc hits you but does no damage.
You hit the orc but do no damage.
The orc hits you with a +2 flail of protection!
Ouch! That really hurt!
The orc barely misses you.
You are too injured to fight recklessly!
You are too injured to fight recklessly!
You are too injured to fight recklessly!
You are too injured to fight recklessly!
You are too injured to fight recklessly!
You are too injured to fight recklessly!
You hit the orc but do no damage.
The orc hits you with a +2 flail of protection!
Ouch! That really hurt!
You die...

.....)..>.....#
##########....#
...........#
########..##
.........#
#####.#..#
#.#..##
#.#...#########
#.#....@o......
#.##[.#########
...... #.###.##
# ... ##. .


You could see an orc.

Vanquished Creatures
  A kobold (D:4)
  A quokka (D:4)
2 creatures vanquished.

Notes
Turn   | Place    | Note
-------+----------+-------------------------------------------
     0 | D:5      | flotson the Demonspawn Delver began the quest for the Orb.
     0 | D:5      | Reached XP level 1. HP: 18/18 MP: 1/1
    10 | D:5      | Noticed an iguana
    84 | D:4      | Noticed a jelly
   109 | D:4      | Slain by an orc

Illustrated notes

Levels and vault maps discovered:
D:4:      layout_basic, elyvilon_altar_3, amcnicky_mini_corridor_feature
D:5:      layout_loops_ring, mainiacjoe_overflow_24_doors,
          nicolae_qazlal_general_emergency, fedhas_ov_isle_minmay,
          grunt_temple_overflow_lords_of_destruction, minmay_crossroads

Action                   || total
-------------------------++-------
Melee: Hand axe          ||     6
  Use: Scroll            ||     1
 Stab: Sleeping          ||     1
Armor: Leather armour    ||     1
Dodge: Dodged            ||     2

Table legend: (Time is in decaauts)
 A = Elapsed time spent in this place.
 B = Non-inter-level travel time spent in this place.
 C = Inter-level travel time spent in this place.
 D = Time resting spent in this place.
 E = Time spent auto-exploring this place.
 F = Levels seen in this place.
 G = Mean time per level.
                   A        B        C        D        E       F      G
               +--------+--------+--------+--------+--------+-----+--------+
         Total |    109 |    109 |      0 |      0 |     35 |   2 |   54.5 |
       Dungeon |    109 |    109 |      0 |      0 |     35 |   2 |   54.5 |
               +--------+--------+--------+--------+--------+-----+--------+

Top non-repeatable levels by time:
     D:4: 74 daAuts
     D:5: 35 daAuts
